 Dungeon Crawl Stone Soup version 0.23.0-42-geed6394480 (webtiles) character file.

Game seed: 0

9651 Ivernyr the Destroyer (level 11, -7/53 HPs)
             Began as a Vine Stalker Wizard on Mar 1, 2019.
             Was a High Priest of Cheibriados.
             Mangled by an orc warlord
             ... wielding a +0 bardiche
              (21 damage)
             ... in a bailey.
             The game lasted 01:09:28 (10344 turns).

Ivernyr the Destroyer (Vine Stalker Wizard)        Turns: 10344, Time: 01:09:29

Health: -7/53      AC:  7    Str: 24    XL:     11   Next: 49%
Magic:  0/24       EV: 14    Int: 39    God:    Cheibriados [*****.]
Gold:   472        SH:  7    Dex: 27    Spells: 18/27 levels left

rFire    + + +     SeeInvis .   z - +4 long sword (freeze) (curse)
rCold    + + .     Gourm    .   k - +0 buckler
rNeg     . . .     Faith    .   n - +2 robe {rC+ rF+}
rPois    +         Spirit   +   p - +0 helmet
rElec    +         Reflect  .   a - +0 cloak of Zemussu {rElec rPois rF++ Int+4} (curse)
rCorr    .         Harm     .   (no gloves)
MR       +....                  m - +0 pair of boots
Stlth    +++.......             (no amulet)
HPRegen  0.57/turn              q - ring of protection from cold
MPRegen  0.19/turn              (no ring)

@: very slow
A: fangs 3, regeneration 1, magic shield, antimagic bite, no potion heal 3, rot
immunity
a: Bend Time, Temporal Distortion, Slouch, Step From Time, Renounce Religion


You were in a bailey.
You worshipped Cheibriados.
Cheibriados was extremely pleased with you.
You were hungry.

You visited 2 branches of the dungeon, and saw 11 of its levels.
You also visited: Bailey.

You collected 472 gold pieces.

Inventory:

Hand Weapons
 e - a +2 flail of protection
 z - a cursed +4 long sword of freezing (weapon)
Armour
 a - the cursed +0 cloak of Zemussu (worn) {rElec rPois rF++ Int+4}
   (You found it on level 8 of the Dungeon)

   It affects your intelligence (+4).
   It greatly protects you from fire.
   It insulates you from electricity.
   It protects you from poison.
   It has a curse placed upon it.
 k - a +0 buckler (worn)
 m - a +0 pair of boots (worn)
 n - a +2 robe of resistance (worn)
 p - a +0 helmet (worn)
Jewellery
 q - a ring of protection from cold (left hand)
Wands
 t - a wand of flame (48)
 u - a wand of scattershot (10)
 y - a wand of polymorph (8)
Scrolls
 b - a scroll of immolation
 c - 2 scrolls of amnesia
 g - 2 scrolls of magic mapping
 j - 2 scrolls of identify
 l - 2 scrolls of blinking
 r - 2 scrolls of teleportation
 w - 2 scrolls of silence
 x - a scroll of summoning
 A - 2 scrolls of enchant armour
 B - a scroll of fog {unknown}
Potions
 f - a potion of lignification {unknown}
 h - 5 potions of brilliance {unknown}
 i - 3 potions of curing
 o - 2 potions of agility {unknown}
 s - 2 potions of ambrosia {unknown}
 v - a potion of flight {unknown}
Comestibles
 d - 11 rations


   Skills:
 + Level 4.0 Fighting
 - Level 2.6 Dodging
 - Level 2.4 Stealth
 - Level 6.2 Shields
 + Level 8.6 Spellcasting
 * Level 11.2 Conjurations
   Level 1.0 Summonings
 - Level 1.0 Translocations
 + Level 6.9 Invocations


You had 18 spell levels left.
You knew the following spells:

 Your Spells              Type           Power        Failure   Level  Hunger
a - Magic Dart            Conj           ####         1%          1    None
b - Blink                 Tloc           N/A          2%          2    None
c - Conjure Flame         Conj/Fire      ######..     1%          3    None
d - Mephitic Cloud        Conj/Pois/Air  #####...     1%          3    None

Your spell library contained the following spells:

 Spells                   Type           Power        Failure   Level  Hunger
 Summon Small Mammal      Summ           ###.         1%          1    None
 Call Imp                 Summ           ###.....     2%          2    None
 Slow                     Hex            ###.....     3%          2    None
 Call Canine Familiar     Summ           ###.....     4%          3    None
 Summon Guardian Golem    Hex/Summ       ###.....     5%          3    None
 Summon Ice Beast         Ice/Summ       ###.....     17%         4    None
 Summon Lightning Spire   Summ/Air       ###.....     17%         4    None


Dungeon Overview and Level Annotations

Branches:
Dungeon (10/15)            Temple (1/1) D:5            Lair (0/6) D:8
    Orc (0/2) D:9

Altars:
Ashenzari
Cheibriados
Dithmenos
Elyvilon
Fedhas
Gozag
Hepliaklqana
Kikubaaqudgha
Makhleb
Okawaru
Qazlal
Ru
Sif Muna
Trog
Uskayaw
Vehumet
Wu Jian
Yredelemnul
Zin
The Shining One
Beogh

Shops:
D:7 }


Innate Abilities, Weirdness & Mutations

You have razor-sharp teeth.
Your natural rate of healing is unusually fast.
When hurt, damage is shared between your health and your magic reserves.
Your bite disrupts and absorbs the magic of your enemies.
Potions cannot restore your health.
You are immune to rotting.


Message History

The orc warlord is severely wounded.
The orc warlord hits you with a +0 bardiche!!!
Ouch! That really hurt!
The orc warlord seems less confused.
The orc warlord hits you from afar with a +0 bardiche!
* * * LOW HITPOINT WARNING * * *
The orc warlord closely misses you.
Casting: Magic Dart (safe; 1% risk of failure)
Confirm with . or Enter, or press ? or * to list all spells.
Aiming: Mephitic Cloud (safe; 1% risk of failure)
Press: ? - help, Shift-Dir - straight line, f/p - orc warlord
Aim: an orc warlord, wielding a +0 bardiche and wearing a +0 chain mail (severely wounded)
The ball explodes into a vile cloud!
The stinking cloud engulfs the orc warlord but does no damage.
The orc warlord is severely wounded.
The orc warlord is engulfed in noxious fumes.
The orc warlord barely misses you.
The orc warlord is engulfed in noxious fumes. x2
The orc warlord hits you from afar with a +0 bardiche!!
You die...

......# #..)....# .....##
##..)).## #)#### ####)##
).)..## ##..).)## ......#
#....)..# ......##
##.§○§...## .......#
#..§☼§....# .......##
##..o☼○....##
..⌠.....#######.@...⌠.....#
.......##.....##.........##
.......#.......#)........#
....))##.......##)......##
....))'.........')......#
.....##.........##.....##
######.....).....#######
##.........## #.........#


You could see an orc warlord.

Vanquished Creatures
  Gastronok (D:8)
  Erica (D:8)
  An orc knight (Bailey)
  A centaur zombie (D:10)
  Psyche (D:8)
  A hornet (D:7)
  Prince Ribbit (D:6)
  A hippogriff (D:10)
  Sigmund (D:2)
  3 yaks (D:10)
  2 hungry ghosts
  Edmund (D:6)
  Duvessa (D:6)
  3 porcupines (D:8)
  4 ice beasts
  17 orc warriors
  A phantom (D:5)
  A sky beast (D:7)
  A black bear (D:8)
  A necrophage (D:8)
  An ogre (D:4)
  2 centaurs
  A big kobold (D:10)
  5 bullfrogs
  A wyvern skeleton (D:9)
  4 scorpions
  Dowan (D:6)
  7 wights
  3 crimson imps
  3 hounds (D:7)
  2 quasits
  A centaur skeleton (D:7)
  4 orc priests
  3 jellies
  Crazy Yiuf (D:2)
  5 orc wizards (D:7)
  Terence (D:2)
  4 iguanas
  4 worker ants
  A killer bee zombie (D:7)
  2 hound skeletons
  8 gnolls
  6 adders
  2 shadow imps
  3 oozes
  An adder skeleton (D:9)
  4 worms (D:2)
  A dart slug (D:1)
  5 leopard geckos
  55 orcs
  3 ball pythons
  9 bats
  5 giant cockroaches
  23 goblins
  19 hobgoblins
  6 jackals (D:1)
  11 kobolds
  2 quokkas
  A ball python zombie (D:5)
  11 frilled lizards
  4 rats
279 creatures vanquished.

Vanquished Creatures (others)
  A plant (D:7)
1 creature vanquished.

Grand Total: 280 creatures vanquished

Notes
Turn   | Place    | Note
-------+----------+-------------------------------------------
     0 | D:1      | Ivernyr the Vine Stalker Wizard began the quest for the
                  | Orb.
     0 | D:1      | Reached XP level 1. HP: 9/9 MP: 5/5
   209 | D:1      | Reached XP level 2. HP: 6/14 MP: 0/7
   396 | D:1      | Learned a level 2 spell: Blink
  1270 | D:1      | Reached XP level 3. HP: 17/17 MP: 5/9
  1275 | D:1      | Learned a level 3 spell: Conjure Flame
  1279 | D:1      | Learned a level 3 spell: Mephitic Cloud
  1384 | D:1      | Reached skill level 2 in Conjurations
  1595 | D:2      | Reached skill level 1 in Fighting
  2285 | D:2      | Noticed a fire elemental
  2286 | D:2      | Found a stormy altar of Qazlal.
  2338 | D:2      | Noticed an earth elemental
  2339 | D:2      | Noticed a water elemental
  2339 | D:2      | Noticed an air elemental
  2369 | D:2      | Noticed Terence
  2429 | D:2      | Killed Terence
  2429 | D:2      | Gained mutation: Your natural rate of healing is unusually
                  | fast. [Vine Stalker growth]
  2429 | D:2      | Reached XP level 4. HP: 6/22 MP: 0/10
  2551 | D:2      | Noticed Sigmund
  2563 | D:2      | Killed Sigmund
  2563 | D:2      | Reached skill level 3 in Conjurations
  2563 | D:2      | Reached XP level 5. HP: 21/26 MP: 4/12
  2563 | D:2      | Reached XP level 6. HP: 24/30 MP: 4/13
  2637 | D:2      | Found a runed translucent door.
  2638 | D:2      | Noticed Crazy Yiuf
  2655 | D:2      | Killed Crazy Yiuf
  3791 | D:3      | Found a glowing silver altar of Zin.
  3792 | D:3      | Found an opulent altar of Gozag.
  3910 | D:4      | Reached skill level 4 in Conjurations
  3969 | D:4      | Found a shattered altar of Ashenzari.
  4031 | D:4      | Reached skill level 1 in Shields
  4031 | D:4      | Reached XP level 7. HP: 35/35 MP: 5/14
  4180 | D:4      | Found a hide-covered altar of Uskayaw.
  4485 | D:4      | You fall through a shaft!
  4485 | D:5      | Entered Level 5 of the Dungeon
  4684 | D:5      | Reached skill level 5 in Conjurations
  4733 | D:5      | Found a staircase to the Ecumenical Temple.
  5075 | D:5      | Found a glowing golden altar of the Shining One.
  5094 | D:5      | Reached skill level 5 in Spellcasting
  5201 | Temple   | Entered the Ecumenical Temple
  5247 | Temple   | Became a worshipper of Cheibriados the Contemplative
  5324 | D:6      | Noticed Dowan
  5325 | D:6      | Noticed Duvessa
  5336 | D:6      | Killed Dowan
  5352 | D:6      | Gained mutation: You have razor-sharp teeth. [Vine Stalker
                  | growth]
  5352 | D:6      | Reached XP level 8. HP: 22/40 MP: 10/16
  5369 | D:6      | Killed Duvessa
  5369 | D:6      | Reached skill level 1 in Invocations
  5544 | D:6      | Reached skill level 6 in Conjurations
  5616 | D:6      | Found an ancient bone altar of Kikubaaqudgha.
  5682 | D:6      | Noticed Edmund
  5705 | D:6      | Killed Edmund
  6151 | D:7      | Noticed Prince Ribbit
  6171 | D:6      | Reached * piety under Cheibriados
  6457 | D:6      | Killed Prince Ribbit
  6457 | D:6      | Reached skill level 7 in Conjurations
  6457 | D:6      | Reached XP level 9. HP: 44/44 MP: 6/19
  6642 | D:7      | Found Plog's Gadget Shop.
  6642 | D:7      | Noticed a hornet
  6645 | D:7      | Paralysed by a hornet for 2 turns
  6650 | D:7      | Paralysed by a hornet for 1 turns
  7045 | D:7      | Killed a hornet
  7146 | D:7      | Reached ** piety under Cheibriados
  7154 | D:7      | Reached skill level 8 in Conjurations
  7410 | D:7      | Found a basalt altar of Yredelemnul.
  7410 | D:7      | Found an iron altar of Okawaru.
  7410 | D:7      | Found a burning altar of Makhleb.
  7880 | D:8      | Reached XP level 10. HP: 47/49 MP: 19/21
  7971 | D:8      | Noticed Erica
  7985 | D:8      | Noticed Gastronok
  7988 | D:8      | Killed Erica
  7988 | D:8      | Reached *** piety under Cheibriados
  7988 | D:8      | Reached skill level 5 in Shields
  7988 | D:8      | Reached skill level 9 in Conjurations
  7988 | D:8      | Reached skill level 5 in Invocations
  8156 | D:8      | Noticed Psyche
  8317 | D:8      | Got a scorched cloak
  8328 | D:8      | Identified the cursed +0 cloak of Zemussu {rElec rPois rF++
                  | Int+4} (You found it on level 8 of the Dungeon)
  8444 | D:8      | Killed Psyche
  8598 | D:8      | Killed Gastronok
  8598 | D:8      | Reached skill level 10 in Conjurations
  8784 | D:8      | Found a staircase to the Lair.
  8979 | D:9      | Reached XP level 11. HP: 52/52 MP: 14/24
  9136 | D:9      | Found a roughly hewn altar of Beogh.
  9136 | D:9      | Found a staircase to the Orcish Mines.
  9228 | D:9      | Reached **** piety under Cheibriados
  9630 | D:9      | Found a radiant altar of Vehumet.
  9708 | D:10     | Entered Level 10 of the Dungeon
  9976 | D:10     | Found a flagged portal.
  9988 | D:10     | Reached ***** piety under Cheibriados
  9988 | D:10     | Reached skill level 11 in Conjurations
  9995 | Bailey   | Entered a bailey
 10187 | Bailey   | Noticed an orc knight
 10222 | Bailey   | Killed an orc knight
 10319 | Bailey   | Noticed an orc warlord
 10344 | Bailey   | Mangled by an orc warlord

Skill      XL: |  1  2  3  4  5  6  7  8  9 10 11 |
---------------+----------------------------------+-----
Conjurations   | 2 3 4 5 7 8 10 11 | 11.2
Fighting       | 1 2 3 4 |  4.0
Dodging        | 2 |  2.6
Spellcasting   | 4 5 6 7 8 |  8.6
Shields        | 1 2 3 4 6 |  6.2
Invocations    | 3 4 6 |  6.9
Stealth        | |  2.4
Summonings     | |  1.0
Translocations | |  1.0

Action                   |  1- 3 |  4- 6 |  7- 9 | 10-12 || total
-------------------------+-------+-------+-------+-------++-------
Melee: Unarmed           |    14 |       |       |       ||    14
       Spear             |    45 |       |       |       ||    45
       Bite              |     3 |     2 |    68 |   112 ||   185
       Flail             |       |    26 |   166 |       ||   192
       Long sword        |       |       |    42 |   219 ||   261
 Cast: Magic Dart        |    93 |    69 |   201 |   103 ||   466
       Mephitic Cloud    |     2 |     5 |    21 |    21 ||    49
       Conjure Flame     |       |     4 |    11 |     9 ||    24
       Blink             |       |       |     3 |       ||     3
Invok: Bend Time         |       |       |       |     1 ||     1
       Temporal Distorti |       |       |       |     1 ||     1
  Use: Scroll            |       |     5 |       |     8 ||    13
 Stab: Confused          |     2 |     4 |     6 |    11 ||    23
       Sleeping          |       |       |       |     2 ||     2
  Eat: Chunk             |     3 |     4 |     7 |     5 ||    19
       Ration            |       |     1 |     1 |     1 ||     3
Armor: Robe              |     5 |     7 |    60 |    40 ||   112
Dodge: Dodged            |    33 |    18 |   148 |   120 ||   319
Block: Buckler           |       |       |    22 |    72 ||    94
       Rpst.: Long sword |       |       |    10 |    36 ||    46
